General information
- name: BNet
- type: Ladder team game (AT/RT)
- host: Battle.net
- saver: Karune
map: Battleground
- players: 8
- length: 30:41
- speed: Fast
- version: 1.24 W3XP
- replay type: Public
» download(196 KB)
Players
team 1 (loser)

»
sheWasDaBomb (
purple | 69 APM | 1184 actions | 17:03)
3 Pit Lord
2 Howl of Terror
1 Cleaving Attack
3 Naga Sea Witch
2 Frost Arrows
1 Forked Lightning
» actions
| Assign group hotkey | 20 | |
| Basic commands | 120 | |
| Build / train | 49 | |
| Enter build submenu | 12 | |
| Enter hero's abilities submenu | 6 | |
| Give item / drop item | 1 | |
| Remove unit from queue | 3 | |
| Right click | 540 | |
| Select / deselect | 305 | |
| Select group hotkey | 91 | |
| Use ability | 37 | |
1184 total
» units
» upgrades
| Strength of the Moon | 1 | |
| Improved Bows | 1 | |
2 total
» buildings
| Ancient of War | 1 | |
| Moon Well | 5 | |
| Altar of Elders | 1 | |
| Tree of Ages | 1 | |
| Hunter's Hall | 1 | |
| Ancient of Lore | 2 | |
| Tree of Eternity | 1 | |
12 total
» build order
00:19 Ancient of War
00:22 Moon Well
00:39 Altar of Elders
01:31 Moon Well
02:49 Moon Well
03:29 Tree of Ages
04:16 Hunter's Hall
05:03 Moon Well
07:07 Ancient of Lore
08:31 Ancient of Lore
08:32 Tree of Eternity
11:16 Moon Well
» items
| Boots of Speed | 1 | |
| Orb of Lightning | 1 | |
| Healing Salve | 1 | |
3 total

»
BAYONETTA_PALIN (
green | 123 APM | 3757 actions | 30:39)
6 Far Seer
3 Feral Spirit
2 Chain Lighting
1 Earth Quake
1 Pit Lord
1 Cleaving Attack
3 Naga Sea Witch
1 Forked Lightning
1 Frost Arrows
1 Tornado
» actions
| Assign group hotkey | 180 | |
| Basic commands | 342 | |
| Build / train | 107 | |
| ESC pressed | 4 | |
| Enter build submenu | 36 | |
| Enter hero's abilities submenu | 10 | |
| Give item / drop item | 1 | |
| Right click | 1438 | |
| Select / deselect | 930 | |
| Select group hotkey | 435 | |
| Use ability | 274 | |
3757 total
» units
| Peon | 22 | |
| Grunt | 14 | |
| Spirit Walker | 8 | |
| Raider | 6 | |
| Kodo Beast | 3 | |
| Troll Witch Doctor | 5 | |
| Wind Rider | 2 | |
60 total
» upgrades
| Ensnare | 1 | |
| Spirit Walker Training | 2 | |
| Reinforced Defenses | 1 | |
| War Drums Damage Increase | 1 | |
| Witch Doctor Training | 2 | |
| Shaman Training | 1 | |
| Envenomed Spears | 1 | |
| Liquid Fire | 1 | |
| Ranged Weapons | 1 | |
| Armor | 1 | |
12 total
» buildings
| Altar of Storms | 1 | |
| Orc Burrow | 8 | |
| Voodoo Lounge | 2 | |
| War Mill | 2 | |
| Barracks | 1 | |
| Stronghold | 1 | |
| Beastiary | 3 | |
| Spirit Lodge | 3 | |
| Fortress | 1 | |
| Watch Tower | 13 | |
| Great Hall | 1 | |
36 total
» build order
00:04 Altar of Storms
00:22 Orc Burrow
00:52 Voodoo Lounge
01:06 War Mill
01:38 Orc Burrow
02:28 Barracks
02:59 Stronghold
04:42 Orc Burrow
05:26 Beastiary
05:29 Spirit Lodge
06:17 Fortress
06:22 Orc Burrow
09:14 Watch Tower
09:15 Watch Tower
09:19 Watch Tower
10:57 Great Hall
11:47 Watch Tower
11:48 Watch Tower
13:49 Watch Tower
13:50 Watch Tower
13:51 Watch Tower
13:52 Watch Tower
14:03 Watch Tower
14:04 Watch Tower
18:44 Watch Tower
18:56 Watch Tower
20:02 Voodoo Lounge
20:48 War Mill
20:56 Spirit Lodge
20:57 Spirit Lodge
20:58 Beastiary
21:00 Beastiary
21:08 Orc Burrow
21:09 Orc Burrow
25:14 Orc Burrow
25:15 Orc Burrow
» items
| Healing Salve | 7 | |
| Lesser Clarity Potion | 3 | |
| Scroll of Town Portal | 1 | |
| Scroll of Healing | 1 | |
| Boots of Speed | 1 | |
| Staff of Teleportation | 1 | |
| Scroll of Speed | 1 | |
15 total
oldarmy (
blue | 24 APM | 219 actions | 08:58)
2 Tauren Chieftain
1 War Stomp
1 Endurance Aura
» actions
| Build / train | 20 | |
| Enter build submenu | 7 | |
| Enter hero's abilities submenu | 2 | |
| Right click | 57 | |
| Select / deselect | 102 | |
| Use ability | 31 | |
219 total
» units
| Peon | 7 | |
| Troll Headhunter/Berserker | 5 | |
12 total
» upgrades
» buildings
| War Mill | 1 | |
| Orc Burrow | 2 | |
| Altar of Storms | 1 | |
| Barracks | 1 | |
| Watch Tower | 2 | |
| Stronghold | 1 | |
8 total
» build order
00:11 War Mill
00:15 Orc Burrow
00:45 Altar of Storms
01:30 Barracks
01:53 Orc Burrow
03:20 Watch Tower
04:06 Watch Tower
05:18 Stronghold
» items
| Periapt of Vitality | 1 | |
| Boots of Speed | 1 | |
2 total

»
JSF2411 (
yellow | 15 APM | 438 actions | 29:19)
3 Death Knight
2 Death Coil
1 Unholy Aura
1 Naga Sea Witch
1 Forked Lightning
» actions
| Build / train | 66 | |
| Enter build submenu | 22 | |
| Enter hero's abilities submenu | 4 | |
| Remove unit from queue | 5 | |
| Right click | 130 | |
| Select / deselect | 177 | |
| Use ability | 34 | |
438 total
» units
| Acolyte | 6 | |
| Ghoul | 8 | |
| Gargoyle | 17 | |
| Frost Wyrm | 14 | |
45 total
» upgrades
| Freezing Breath | 1 | |
| Creature Attack | 2 | |
| Creature Carapace | 1 | |
4 total
» buildings
| Altar of Darkness | 1 | |
| Ziggurat | 9 | |
| Crypt | 1 | |
| Graveyard | 2 | |
| Halls of the Dead | 1 | |
| Black Citadel | 1 | |
| Nerubian Tower | 4 | |
| Sacrificial Pit | 1 | |
| Boneyard | 2 | |
22 total
» build order
00:16 Altar of Darkness
00:23 Ziggurat
01:02 Crypt
01:15 Ziggurat
02:07 Graveyard
03:09 Halls of the Dead
05:04 Ziggurat
05:10 Ziggurat
07:00 Ziggurat
08:22 Ziggurat
08:25 Black Citadel
09:08 Nerubian Tower
09:30 Sacrificial Pit
10:06 Nerubian Tower
11:52 Boneyard
11:58 Boneyard
15:25 Graveyard
18:06 Ziggurat
18:47 Ziggurat
19:52 Nerubian Tower
24:53 Ziggurat
24:56 Nerubian Tower
» items
team 2 (winner)
dtk-dark_guy (
teal | 35 APM | 1078 actions | 30:40)
4 Paladin
2 Holy Light
2 Divine Shield
» actions
| Basic commands | 16 | |
| Build / train | 87 | |
| Enter build submenu | 22 | |
| Enter hero's abilities submenu | 4 | |
| Remove unit from queue | 2 | |
| Right click | 479 | |
| Select / deselect | 415 | |
| Use ability | 53 | |
1078 total
» units
| Peasant | 17 | |
| Footman | 14 | |
| Rifleman | 13 | |
| Flying Machine | 13 | |
| Siege Engine | 16 | |
73 total
» upgrades
| Long Rifles | 1 | |
| Gunpowder | 1 | |
| Flak Cannons | 1 | |
| Flying Machine Bombs | 1 | |
| Lumber Harvesting | 1 | |
| Barrage | 1 | |
6 total
» buildings
| Altar of Kings | 1 | |
| Farm | 16 | |
| Barracks | 2 | |
| Scout Tower | 1 | |
| Blacksmith | 1 | |
| Lumber Mill | 1 | |
| Guard Tower | 1 | |
| Keep | 1 | |
| Workshop | 2 | |
| Castle | 1 | |
27 total
» build order
00:09 Altar of Kings
00:16 Farm
00:55 Barracks
01:08 Farm
01:10 Farm
02:27 Farm
02:29 Farm
03:26 Barracks
04:08 Farm
04:56 Farm
06:59 Farm
07:00 Farm
07:04 Farm
08:05 Scout Tower
08:22 Blacksmith
08:25 Lumber Mill
09:59 Guard Tower
11:04 Farm
11:14 Keep
12:19 Farm
12:20 Farm
14:27 Workshop
14:28 Workshop
14:31 Castle
25:25 Farm
25:26 Farm
26:34 Farm

»
Better_Dead (
orange | 52 APM | 1591 actions | 30:40)
6 Paladin
1 Holy Light
2 Divine Shield
2 Devotion Aura
1 Resurrection
4 Archmage
2 Brilliance Aura
2 Blizzard
» actions
| Assign group hotkey | 18 | |
| Basic commands | 23 | |
| Build / train | 73 | |
| Enter build submenu | 26 | |
| Enter hero's abilities submenu | 10 | |
| Right click | 661 | |
| Select / deselect | 369 | |
| Select group hotkey | 356 | |
| Use ability | 55 | |
1591 total
» units
| Peasant | 8 | |
| Footman | 11 | |
| Rifleman | 8 | |
| Priest | 8 | |
| Mortar Team | 4 | |
| Siege Engine | 4 | |
| Knight | 2 | |
45 total
» upgrades
| Defend | 1 | |
| Masonry | 2 | |
| Long Rifles | 1 | |
| Gunpowder | 1 | |
| Lumber Harvesting | 1 | |
| Priest Training | 2 | |
| Fragmentation Shards | 1 | |
| Barrage | 1 | |
10 total
» buildings
| Farm | 16 | |
| Altar of Kings | 1 | |
| Barracks | 2 | |
| Arcane Vault | 1 | |
| Blacksmith | 1 | |
| Lumber Mill | 1 | |
| Keep | 1 | |
| Castle | 1 | |
| Workshop | 2 | |
| Arcane Sanctum | 1 | |
| Town Hall | 1 | |
28 total
» build order
00:13 Farm
00:29 Altar of Kings
00:48 Barracks
01:23 Farm
02:05 Farm
02:26 Barracks
02:51 Farm
03:18 Arcane Vault
03:39 Farm
04:19 Farm
05:09 Farm
05:43 Blacksmith
05:48 Lumber Mill
07:10 Farm
08:50 Farm
08:52 Keep
10:48 Farm
13:54 Farm
15:19 Castle
15:32 Farm
16:08 Workshop
16:12 Arcane Sanctum
16:22 Farm
19:57 Farm
21:14 Town Hall
21:19 Farm
22:23 Farm
24:14 Workshop
» items
| Scroll of Regeneration | 2 | |
| Lesser Clarity Potion | 1 | |
| Scroll of Town Portal | 1 | |
4 total

»
Karune (
pink | 50 APM | 1545 actions | 30:41)
6 Blademaster
3 Wind Walk
2 Critical Strike
1 Bladestorm
5 Shadow Hunter
3 Hex
2 Healing Wave
» actions
| Assign group hotkey | 61 | |
| Basic commands | 19 | |
| Build / train | 92 | |
| Enter build submenu | 13 | |
| Enter hero's abilities submenu | 11 | |
| Give item / drop item | 7 | |
| Remove unit from queue | 2 | |
| Right click | 839 | |
| Select / deselect | 261 | |
| Select group hotkey | 118 | |
| Use ability | 121 | |
1545 total
» units
| Peon | 9 | |
| Grunt | 18 | |
| Raider | 13 | |
| Spirit Walker | 6 | |
46 total
» upgrades
| Backpack | 0 | |
| Pillage | 1 | |
| Berserker Strength | 1 | |
| Ensnare | 1 | |
| Spirit Walker Training | 2 | |
| Armor | 3 | |
| Melee Weapons | 3 | |
11 total
» buildings
| Altar of Storms | 1 | |
| Orc Burrow | 4 | |
| Barracks | 1 | |
| Voodoo Lounge | 1 | |
| Stronghold | 1 | |
| War Mill | 1 | |
| Fortress | 1 | |
| Beastiary | 1 | |
| Spirit Lodge | 1 | |
| Watch Tower | 3 | |
15 total
» build order
00:04 Altar of Storms
00:11 Orc Burrow
00:18 Barracks
01:51 Orc Burrow
02:27 Voodoo Lounge
04:10 Stronghold
04:35 Orc Burrow
05:43 War Mill
07:04 Fortress
07:07 Beastiary
07:58 Spirit Lodge
09:37 Fortress
13:46 Watch Tower
13:47 Watch Tower
13:53 Watch Tower
15:23 Orc Burrow
» items
| Healing Salve | 1 | |
| Lesser Clarity Potion | 3 | |
| Potion of Healing | 3 | |
| Potion of Mana | 6 | |
| Orb of Lightning | 1 | |
| Potion of Lesser Invulnerability | 1 | |
| Boots of Speed | 1 | |
16 total
ThugMaster (
red | 39 APM | 1186 actions | 30:40)
4 Priestess of the Moon
2 Searing Arrows
2 Trueshot Aura
5 Keeper of the Grove
3 Entangling Roots
2 Thorns Aura
» actions
| Basic commands | 1 | |
| Build / train | 85 | |
| Enter build submenu | 22 | |
| Enter hero's abilities submenu | 9 | |
| Give item / drop item | 1 | |
| Right click | 640 | |
| Select / deselect | 361 | |
| Use ability | 67 | |
1186 total
» units
| Wisp | 21 | |
| Huntress | 8 | |
| Dryad | 16 | |
| Druid of the Claw | 7 | |
| Hippogryph | 4 | |
| Chimaera | 4 | |
60 total
» upgrades
| Abolish Magic | 1 | |
| Druid of the Claw Training | 2 | |
| Strength of the Wild | 2 | |
| Reinforced Hides | 2 | |
| Mark of the Claw | 1 | |
| Corrosive Breath | 1 | |
9 total
» buildings
| Altar of Elders | 1 | |
| Moon Well | 6 | |
| Hunter's Hall | 1 | |
| Ancient of War | 2 | |
| Ancient of Wonders | 1 | |
| Tree of Ages | 1 | |
| Ancient of Lore | 3 | |
| Tree of Eternity | 1 | |
| Ancient of Wind | 1 | |
| Chimaera Roost | 2 | |
| Tree of Life | 1 | |
20 total
» build order
00:13 Altar of Elders
00:34 Moon Well
01:35 Hunter's Hall
02:16 Moon Well
02:23 Ancient of War
02:27 Ancient of War
03:13 Ancient of Wonders
03:20 Moon Well
04:29 Moon Well
05:37 Moon Well
06:42 Tree of Ages
09:25 Ancient of Lore
09:29 Ancient of Lore
09:43 Ancient of Lore
12:06 Tree of Eternity
15:14 Moon Well
19:31 Ancient of Wind
20:59 Chimaera Roost
21:43 Chimaera Roost
27:43 Tree of Life
» items
| Orb of Venom | 1 | |
| Potion of Healing | 2 | |
3 total
Chat log
(00:15 / All) BAYONETTA_PALIN: It's time for angels to cry!
(00:17 / All) BAYONETTA_PALIN: You betcha!
(00:22 / Allies) dtk-dark_guy: lol
(00:26 / Allies) dtk-dark_guy: ima do tank
(00:29 / All) Karune: My name's Kevin Yu, your RTS Community Manager.
(00:40 / All) BAYONETTA_PALIN: Hi, Karune.
(00:50 / All) dtk-dark_guy: dam 7years old kid
(00:55 / All) ThugMaster: no fuckn way
(00:59 / All) ThugMaster: hes a bot
(01:02 / All) BAYONETTA_PALIN: I'm not seven.
(01:17 / Allies) dtk-dark_guy: rush?
(01:19 / All) BAYONETTA_PALIN: proper punctuation makes you a bot now eh
(01:48 / Allies) Better_Dead: are we rushing?
(01:52 / Allies) Karune: why not eh.
(01:59 / All) ThugMaster: sure
(02:09 / Allies) ThugMaster: double rax pls
(02:50 / Allies) dtk-dark_guy: should i?
(02:52 / Allies) dtk-dark_guy: ima do tanl
(02:54 / Allies) dtk-dark_guy: tank
(02:56 / Allies) dtk-dark_guy: and aa
(03:01 / Allies) ThugMaster: mass footy for rush
(04:46 / Allies) ThugMaster: ready?
(04:53 / Allies) Karune: blue kinda sucks i'd like to go for him
(05:06 / Allies) Karune: green is good at this game though
(05:24 / Allies) dtk-dark_guy: coming
(05:27 / Allies) dtk-dark_guy: for pinky
(05:28 / Allies) Better_Dead: coming
(05:31 / Allies) dtk-dark_guy: green look verrt gay
(05:34 / All) BAYONETTA_PALIN: pink
(05:34 / Allies) dtk-dark_guy: very gay
(05:36 / Allies) dtk-dark_guy: he he suk
(05:37 / All) BAYONETTA_PALIN: ss or i report you
(05:43 / Allies) dtk-dark_guy: ss?
(05:47 / All) BAYONETTA_PALIN: ss NOW
(05:53 / All) dtk-dark_guy: ss?
(06:01 / All) BAYONETTA_PALIN: pink is a known hacker
(06:04 / All) Karune: I am a Blizzard Employee, and Do not respond to terrorist demands.
(06:14 / All) BAYONETTA_PALIN: haha you may be a blizzard employee but you are not above me
(06:20 / Allies) Better_Dead: hall
(06:30 / All) Karune: oh?
(06:36 / All) dtk-dark_guy: gg for blue
(06:48 / All) BAYONETTA_PALIN: who rushes in 4s
(06:58 / All) ThugMaster: me
(07:07 / All) ThugMaster: and i win 50% of the time
(08:36 / Allies) dtk-dark_guy: ?
(08:41 / Allies) Karune: no
(08:42 / Allies) Karune: skip green
(08:44 / Allies) Karune: go to next base
(08:51 / Allies) Karune: ok?
(09:01 / Allies) dtk-dark_guy: k
(09:39 / All) BAYONETTA_PALIN: this is the worst RT game ever
(09:45 / Allies) Karune: on my way
(09:48 / Allies) Karune: other people, help him
(10:04 / Allies) Better_Dead: militia
(10:59 / All) ThugMaster: 2 ez noobage
(11:09 / All) BAYONETTA_PALIN: werent you the one bragging about winning 50% of your games
(11:17 / All) ThugMaster: yes
(11:28 / All) BAYONETTA_PALIN: i rest my case
(11:33 / All) ThugMaster: and i made it to rd 3 of tourny 2nite in west coast 3s
(11:38 / All) BAYONETTA_PALIN: idc you suck
(11:40 / All) ThugMaster: so whats up
(11:40 / All) sheWasDaBomb: no wonder he almost wins half the time
(11:44 / All) ThugMaster: u want some?
(11:49 / All) BAYONETTA_PALIN: *sigh*
(12:12 / All) BAYONETTA_PALIN: can they just ban hex already
(12:16 / All) Karune: lol
(12:32 / All) ThugMaster: i got map hacked 2 times in tourny
(12:38 / All) ThugMaster: ban them
(12:56 / All) ThugMaster: 2 hack drops
(13:01 / All) BAYONETTA_PALIN: it's fine learn to counter
(13:09 / All) ThugMaster: ?
(13:12 / All) ThugMaster: huh
(13:15 / All) BAYONETTA_PALIN: disc hack is a part of the game
(13:18 / All) BAYONETTA_PALIN: hex is bullshit
(13:47 / All) ThugMaster: green
(13:53 / All) BAYONETTA_PALIN: wut
(14:05 / All) ThugMaster: ur left for last only because pink wanted it that way
(14:12 / All) BAYONETTA_PALIN: i see
(14:17 / All) Karune: :D
(14:19 / All) BAYONETTA_PALIN: yellow just implied
(14:22 / All) BAYONETTA_PALIN: i need to shut up[
(14:27 / All) Karune: lolwut
(14:28 / All) BAYONETTA_PALIN: even though im not sure he has even made a hero yet
(14:32 / All) Karune: he did
(14:33 / All) BAYONETTA_PALIN: oh he has one
(14:34 / All) Karune: I killed it though
(14:37 / All) BAYONETTA_PALIN: I COULDNT TELL
(14:57 / Allies) dtk-dark_guy: where we go
(15:01 / Allies) Karune: green
(15:06 / Allies) Karune: yellow is just towering
(15:08 / Allies) Karune: we can get him later
(15:12 / Allies) dtk-dark_guy: ya
(15:14 / Allies) dtk-dark_guy: with my tank
(15:33 / All) BAYONETTA_PALIN: yellow has a fearsome line of frost towers
(15:35 / All) BAYONETTA_PALIN: in the front of his base
(15:38 / All) BAYONETTA_PALIN: so bring a blowtorch
(15:43 / All) ThugMaster: lolz
(16:23 / All) BAYONETTA_PALIN: you WOULD use strategy
(16:24 / All) BAYONETTA_PALIN: fuckin noobs
(16:27 / All) BAYONETTA_PALIN: FIGHT MY TOWERS
(16:30 / All) BAYONETTA_PALIN: 1v1!!!
(17:03 / All) BAYONETTA_PALIN: if you dont control your units at all
(18:49 / All) BAYONETTA_PALIN: #1 and only player in fairbanks alaska
(18:51 / All) BAYONETTA_PALIN: get owned noobs
(19:05 / All) Better_Dead: wow its cold up there
(19:12 / All) BAYONETTA_PALIN: idk i made that up
(19:23 / All) BAYONETTA_PALIN: member of azerbaijan national warcraft iii team
(19:25 / All) BAYONETTA_PALIN: get owned noobs
(19:27 / All) Better_Dead: oh then your not that interesting then
(19:33 / All) BAYONETTA_PALIN: it's you're
(19:52 / Allies) Karune: well then.
(19:58 / Allies) Karune: I just wonder what yellow's up to?
(20:32 / Allies) Karune: or should we keep attacking green?
(20:33 / All) BAYONETTA_PALIN: you better watch out for yellow's secret weapon
(20:37 / All) BAYONETTA_PALIN: not giving me lumber
(20:50 / All) BAYONETTA_PALIN: thx bruh
(21:14 / Allies) ThugMaster: wood me
(21:29 / Allies) dtk-dark_guy: ima di t
(21:31 / Allies) ThugMaster: wood?
(21:32 / Allies) dtk-dark_guy: when ill have some
(21:40 / All) BAYONETTA_PALIN: well that sucked
(21:47 / All) Karune: that was awfully stupied
(21:50 / All) Karune: of me
(21:53 / All) BAYONETTA_PALIN: okay why am i level 6
(21:54 / Allies) dtk-dark_guy: and me 2...
(21:58 / All) BAYONETTA_PALIN: lol you lost an orc hero?
(22:00 / All) BAYONETTA_PALIN: thats impossible
(22:08 / All) Karune: yeah...
(22:10 / All) Karune: just kinda suicided.
(22:12 / Allies) ThugMaster: wood??????
(22:13 / Allies) ThugMaster: now
(22:17 / Allies) Karune: got none
(23:15 / Allies) ThugMaster: ty
(23:43 / All) BAYONETTA_PALIN: oh fuck he's back
(23:47 / All) BAYONETTA_PALIN: haker
(24:11 / All) BAYONETTA_PALIN: i have 11 peons on gold
(24:12 / Allies) dtk-dark_guy: need tank
(24:14 / All) BAYONETTA_PALIN: why am i not mining faster
(24:14 / Allies) dtk-dark_guy: ?
(25:49 / All) dtk-dark_guy: i see u purp..
(26:36 / All) BAYONETTA_PALIN: what happened to everyone else
(26:49 / Allies) Karune: oj
(26:50 / Allies) Karune: wtf
(26:54 / Allies) Karune: why weren't you playing
(26:55 / Allies) ThugMaster: i dunno
(26:56 / Allies) Karune: same with you teal
(27:04 / Allies) Karune: we coudl have won thsi rihgt now
(27:05 / All) ThugMaster: they died
(27:08 / Allies) Karune: no oj and teal
(27:10 / Allies) Karune: both had an army
(27:14 / Allies) Karune: they just sat there did nothing
(27:22 / All) BAYONETTA_PALIN: okay im tired
(27:52 / All) BAYONETTA_PALIN: going to sleep in a couple
(27:56 / All) Karune: k
(28:01 / All) dtk-dark_guy: kill me...
(28:05 / All) BAYONETTA_PALIN: once yellow dies here
(28:39 / All) dtk-dark_guy: dam yellow
(28:42 / All) dtk-dark_guy: getting owned
(28:56 / All) BAYONETTA_PALIN: lol gg
(29:10 / All) BAYONETTA_PALIN: cocksucker
(29:14 / All) BAYONETTA_PALIN: fuck you pink
(29:15 / All) BAYONETTA_PALIN: reported
(29:16 / All) BAYONETTA_PALIN: Ss now
(29:19 / All) Karune: lol
(29:20 / All) BAYONETTA_PALIN: or i kill red
(29:41 / All) BAYONETTA_PALIN: ok reporting you to war3gosusunlimited.com
(29:49 / All) BAYONETTA_PALIN: hope ur karma rating doesnt go -1
(29:52 / All) BAYONETTA_PALIN: if u know what i mean
(29:55 / All) Karune: is it odd that i'm listening to the Assassin's 2 soundtrack while winning this?
(30:00 / All) BAYONETTA_PALIN: lol
(30:02 / All) Karune: it's suiting the mood, that's what it's doing.
(30:13 / All) BAYONETTA_PALIN: karune as a playable character in AC2
(30:15 / All) BAYONETTA_PALIN: would be awesome
(30:17 / All) Karune: definitely
(30:20 / All) BAYONETTA_PALIN: no jobs would ever get done
(30:34 / All) BAYONETTA_PALIN: lol ok
(30:35 / All) BAYONETTA_PALIN: going to sleep
(30:36 / All) Karune: k
(30:37 / All) BAYONETTA_PALIN: l8r pies
(30:37 / All) Karune: gg
(30:37 / All) BAYONETTA_PALIN: gg